 Dungeon Crawl Stone Soup version 0.23.1 (webtiles) character file.

Game seed: 3518008673138345620

4025 kae the Cleaver (level 10, 0/90 HPs)
             Began as a Hill Orc Fighter on Mar 17, 2019.
             Was a Believer of Makhleb.
             Slain by a killer bee (8 damage)
             ... on level 8 of the Dungeon.
             The game lasted 00:08:29 (6987 turns).

kae the Cleaver (Hill Orc Fighter)                  Turns: 6987, Time: 00:08:30

Health: 0/90       AC: 10    Str: 28    XL:     10   Next: 24%
Magic:  16/16      EV: 10    Int:  8    God:    Makhleb [**....]
Gold:   472        SH:  3    Dex: 15    Spells: 9/9 levels left

rFire    + . .     SeeInvis .   q - +2 battleaxe (flame)
rCold    + . .     Gourm    .   (shield currently unavailable)
rNeg     . . .     Faith    .   b - +0 scale mail
rPois    .         Spirit   .   (no helmet)
rElec    .         Reflect  +   g - scarf {rC+ rF+}
rCorr    .         Harm     .   (no gloves)
MR       .....                  j - +1 pair of boots
Stlth    ..........             n - +3 amulet of reflection
HPRegen  0.25/turn              D - +5 ring of strength
MPRegen  0.15/turn              F - +5 ring of dexterity

@: lethally poisoned (0 -> -7)
A: no striking features
a: Minor Destruction, Renounce Religion


You were on level 8 of the Dungeon.
You worshipped Makhleb.
Makhleb was pleased with you.
You were not hungry.

You visited 2 branches of the dungeon, and saw 9 of its levels.
You also visited: Ossuary.

You collected 538 gold pieces.
You spent 66 gold pieces at shops.

Inventory:

Hand Weapons
 a - a +1 war axe
 q - a +2 battleaxe of flaming (weapon)
Armour
 b - a +0 scale mail (worn)
 c - a +0 shield
 g - a scarf of resistance (worn)
 j - a +1 pair of boots (worn)
Jewellery
 e - an uncursed ring of fire
 i - an uncursed ring of stealth
 n - a +3 amulet of reflection (around neck)
 t - a cursed +4 ring of strength
 w - an uncursed ring of positive energy
 B - an uncursed ring of wizardry
 D - a +5 ring of strength (left hand)
 F - a +5 ring of dexterity (right hand)
 H - an uncursed ring of protection from cold {unknown}
Wands
 l - a wand of enslavement (5)
 v - a wand of iceblast (7)
Scrolls
 k - 5 scrolls of remove curse
 r - a scroll of blinking
 u - a scroll of enchant weapon
 x - a scroll of fog
 y - 3 scrolls of teleportation
 A - 3 scrolls of identify
 E - 2 scrolls of magic mapping
Potions
 d - 3 potions of might
 h - 2 potions of heal wounds
 m - a potion of ambrosia
 o - 2 potions of cancellation
 p - a potion of lignification
 s - 2 potions of curing
 z - 2 potions of flight
 C - 2 potions of haste
Comestibles
 f - 16 rations


   Skills:
 + Level 8.6 Fighting
 * Level 12.1 Axes
 + Level 7.8 Armour
 - Level 3.2 Shields
 * Level 8.1 Invocations


You had 9 spell levels left.
You didn't know any spells.
Your spell library contained the following spells:

 Spells                   Type           Power        Failure   Level  Hunger
 Confusing Touch          Hex            #.....       65%         1    ##.....
 Confuse                  Hex            #.......     95%         3    ####...
 Gell's Gravitas          Tloc           #.........   95%         3    ####...
 Petrify                  Tmut/Erth      #.......     100%        4    #####..
 Metabolic Englaciation   Hex/Ice        #.........   100%        5    ######.
 Yara's Violent Unravell  Hex/Tmut       #.........   100%        5    ######.


Dungeon Overview and Level Annotations

Branches:
Dungeon (8/15)             Temple (1/1) D:5
   Lair: D:8-11

Altars:
Ashenzari
Dithmenos
Elyvilon
Fedhas
Gozag
Hepliaklqana
Kikubaaqudgha
Makhleb
Nemelex Xobeh
Okawaru
Sif Muna
Trog
Uskayaw
Vehumet
Wu Jian
Xom
Yredelemnul
Zin
The Shining One

Shops:
D:4 %}   D:5 [   D:7 *

Annotations:
D:4 4 runed translucent doors
D:5 Prince Ribbit


Message History

The killer bee stings you but does no damage.
You miss the killer bee.
The killer bee is almost dead.
You feel sick. The killer bee stings you.
* * * LOW HITPOINT WARNING * * *
The killer bee stings you but does no damage. x2
You hit the killer bee but do no damage.
The killer bee is almost dead.
You feel sick. The killer bee stings you.
* * * LOW HITPOINT WARNING * * *
The killer bee stings you but does no damage.
You miss the killer bee.
The killer bee is almost dead.
You feel sick. The killer bee stings you!
* * * LOW HITPOINT WARNING * * *
The killer bee stings you but does no damage.
You closely miss the killer bee.
The killer bee is almost dead.
You feel sick. The killer bee stings you!
You die...

,,,,,*** ##.......# *#.....
,***,,,** #......## #......
,*****,,*** ##....##
*#...... ,**,,,,,,.#**
##..## #.......
,,,,,,,,,...** #..#
#.......
,*,,,,,,,....###*####
#....###
,*,,,,,,,.......#### #####*
,**,,,,,,,,,#..†...#####
,**,,,,,,,**##.y@......####
****,,,,,**
##...#.......##### # *
***,*** ##..####........###
* *** ##..**####........ *
##..* ##....### * *###
#.##### * ###


You could see a killer bee.

Vanquished Creatures
  A wyvern (D:8)
  Grum (D:8)
  Menkaure (Ossuary)
  2 sky beasts (D:7)
  2 ice beasts
  2 phantoms (D:7)
  2 centaurs
  5 ogres
  4 wolves (D:8)
  5 bullfrogs
  A gnoll sergeant (D:5)
  A scorpion (D:6)
  7 killer bees
  A wight (D:4)
  3 howler monkeys
  5 crimson imps
  3 centaur zombies
  5 hounds
  A human zombie (Ossuary)
  2 jellies
  An orc wizard (D:3)
  A centaur skeleton (D:6)
  2 orc priests
  3 bullfrog skeletons
  An iguana (D:4)
  3 worker ants
  A killer bee zombie (D:6)
  3 ogre zombies (Ossuary)
  6 mummies (Ossuary)
  2 hound skeletons (D:8)
  8 adders
  9 gnolls
  A shadow imp (D:5)
  An adder skeleton (D:4)
  4 adder zombies
  4 worms
  2 dart slugs (D:3)
  A leopard gecko (D:4)
  14 orcs
  13 bats
  4 giant cockroaches
  14 goblins
  4 hobgoblins
  14 jackals
  3 quokkas
  A ball python (D:1)
  9 frilled lizards
  3 gnoll zombies (Ossuary)
  A goblin zombie (Ossuary)
  2 hobgoblin zombies (Ossuary)
  7 kobolds
  6 kobold zombies (Ossuary)
  2 leopard gecko skeletons (D:4)
  A leopard gecko zombie (D:4)
  2 quokka skeletons
  3 quokka zombies (Ossuary)
  7 rats
  7 rat zombies (Ossuary)
224 creatures vanquished.

Notes
Turn   | Place    | Note
-------+----------+-------------------------------------------
     0 | D:1      | kae the Hill Orc Fighter began the quest for the Orb.
     0 | D:1      | Reached XP level 1. HP: 19/19 MP: 1/1
   116 | D:1      | Reached skill level 3 in Axes
   139 | D:1      | Reached XP level 2. HP: 27/27 MP: 2/2
   324 | D:1      | Reached XP level 3. HP: 30/33 MP: 3/3
   893 | D:2      | Reached skill level 4 in Axes
  1251 | D:2      | Reached XP level 4. HP: 19/40 MP: 4/4
  1686 | D:2      | Found a faded altar of an unknown god.
  1954 | D:3      | Reached skill level 5 in Axes
  1954 | D:3      | Reached XP level 5. HP: 36/47 MP: 5/5
  2384 | D:4      | Noticed an ogre
  2395 | D:4      | Killed an ogre
  2395 | D:4      | Reached skill level 5 in Fighting
  2395 | D:4      | Reached skill level 6 in Axes
  2395 | D:4      | Reached XP level 6. HP: 5/56 MP: 6/6
  2596 | D:4      | Found Diule's Gadget Emporium.
  2859 | D:4      | Found Tegiegub's Food Shop.
  2974 | D:4      | Reached skill level 7 in Axes
  2997 | D:4      | Found a large runed translucent door.
  2997 | D:4      | Found a large runed translucent door.
  3002 | D:4      | Found a large runed translucent door.
  3002 | D:4      | Found a large runed translucent door.
  3009 | D:4      | Reached skill level 5 in Armour
  3073 | D:4      | Reached XP level 7. HP: 38/61 MP: 7/7
  3309 | D:5      | Entered Level 5 of the Dungeon
  3314 | D:5      | Found a staircase to the Ecumenical Temple.
  3395 | Temple   | Entered the Ecumenical Temple
  3549 | Temple   | Became a worshipper of Makhleb the Destroyer
  3590 | D:5      | Noticed Prince Ribbit
  3593 | D:5      | Found a sparkling altar of Nemelex Xobeh.
  3593 | D:5      | Found Zoine's Armour Shop.
  3918 | D:5      | Noticed a two-headed ogre
  3940 | D:4      | Reached skill level 8 in Axes
  4074 | D:5      | Reached XP level 8. HP: 51/70 MP: 8/8
  4090 | D:5      | Reached skill level 9 in Axes
  4337 | D:5      | Noticed a swamp dragon
  4337 | D:5      | a two-headed ogre changed into a swamp dragon
  4435 | D:6      | Found a hide-covered altar of Uskayaw.
  4446 | D:6      | Found a shattered altar of Ashenzari.
  4527 | D:6      | Reached skill level 1 in Invocations
  4763 | D:6      | Reached skill level 10 in Axes
  4971 | D:6      | Reached XP level 9. HP: 79/79 MP: 11/11
  5105 | D:6      | Found an ancient bone altar of Kikubaaqudgha.
  5442 | D:7      | Reached skill level 5 in Invocations
  5532 | D:7      | Reached * piety under Makhleb
  5746 | D:7      | Found Etway's Assorted Antiques.
  5754 | D:7      | Bought a scroll labeled KEBYEGEEZ for 22 gold pieces
  5754 | D:7      | Bought a scroll of identify for 44 gold pieces
  5977 | D:7      | Reached skill level 11 in Axes
  6431 | D:8      | Found a sand-covered staircase.
  6439 | Ossuary  | Entered an ossuary
  6570 | Ossuary  | Reached ** piety under Makhleb
  6696 | Ossuary  | Noticed Menkaure
  6704 | Ossuary  | Killed Menkaure
  6801 | D:8      | Noticed Grum
  6806 | D:8      | Reached XP level 10. HP: 88/88 MP: 15/15
  6814 | D:8      | Killed Grum
  6818 | D:8      | Reached skill level 12 in Axes
  6987 | D:8      | Slain by a killer bee

Skill      XL: |  1  2  3  4  5  6  7  8  9 10 |
---------------+-------------------------------+-----
Axes           | 3 4 5 6 7 8 10 11 12 | 12.1
Fighting       | 4 5 6 7 8 |  8.6
Armour         | 4 5 6 7 |  7.8
Invocations    | 3 7 8 |  8.1
Shields        | |  3.2

Action                   |  1- 3 |  4- 6 |  7- 9 | 10-12 || total
-------------------------+-------+-------+-------+-------++-------
Melee: War axe           |   133 |   145 |   301 |       ||   579
       Battleaxe         |       |       |   124 |    38 ||   162
Evoke: Wand              |       |       |     4 |       ||     4
  Use: Scroll            |     5 |     4 |    11 |       ||    20
       Potion            |       |     1 |     2 |       ||     3
  Eat: Chunk             |     1 |     6 |    12 |     2 ||    21
Armor: Scale mail        |    74 |    54 |   148 |    22 ||   298
Dodge: Dodged            |    58 |    41 |   110 |    35 ||   244
Block: Shield            |    93 |    77 |   153 |       ||   323
       Reflection        |       |     1 |     3 |       ||     4
       Other             |       |       |     7 |    13 ||    20
